 Dungeon Crawl Stone Soup version bcrawl-1.18 (webtiles) character file.

Game seed: 13505263105557427191

1201 Gremour the Fighter (level 8, 0/70 HPs)
             Began as a Demonspawn Gladiator on Nov 1, 2019.
             Was a Believer of Qazlal.
             Slain by Pikel
             ... wielding a +2 whip of freezing
              (1 damage)
             ... on level 5 of the Dungeon.
             The game lasted 00:30:44 (5149 turns).

Gremour the Fighter (Demonspawn Gladiator)          Turns: 5149, Time: 00:30:45

Health: 0/70       AC:  8    Str: 17    XL:     8   Next: 21%
Magic:  4/8        EV: 19    Int:  9    God:    Qazlal [**....]
Gold:   241        SH:  9    Dex: 20    Spells: 7/7 levels left

rFire    . . .     SeeInvis .   a - +0 long sword
rCold    . . .     Gourm    .   m - +0 buckler
rNeg     . . .     Faith    .   b - +0 leather armour
rPois    .         Spirit   .   k - +2 hat
rElec    .         Reflect  .   (no cloak)
rCorr    .         Harm     .   r - +0 pair of gloves
MR       .....                  (no boots)
Stlth    ++........             (no amulet)
HPRegen  0.21/turn              (no ring)
MPRegen  0.11/turn              (no ring)

@: agile, studying Dodging
A: talons 2, molten scales 1, powered by death 1, spiny 1
a: Upheaval, Renounce Religion


You were on level 5 of the Dungeon.
You worshipped Qazlal.
Qazlal was pleased with you.
You were not hungry.

You visited 2 branches of the dungeon, and saw 6 of its levels.

You collected 241 gold pieces.

Inventory:

Hand Weapons
 a - a +0 long sword (weapon)
 l - a +4 dagger of draining
Missiles
 d - 3 throwing nets {!f}
 f - 115 poisoned tomahawks (quivered)
Armour
 b - a +0 leather armour (worn)
 k - a +2 hat (worn)
 m - a +0 buckler (worn)
 r - a +0 pair of gloves (worn)
Wands
 c - a wand of paralysis (5)
Scrolls
 g - 6 scrolls of identify
 h - a scroll of magic mapping
 i - 2 scrolls of teleportation
 j - 2 scrolls of remove curse
Potions
 n - a potion of brilliance
 o - 2 potions of agility
 q - a potion of curing {unknown}
 t - a potion of lignification {unknown}
Books
 s - a manual of Dodging
Comestibles
 e - 8 rations {!d}
 p - 2 chunks of flesh


   Skills:
 * Level 8.8 Fighting
 - Level 2.8 Long Blades
 - Level 1.8 Throwing
 + Level 4.5 Dodging
 + Level 2.7 Shields


You had 7 spell levels left.
You didn't know any spells.
Your spell library contained the following spells:

 Spells                   Type           Power        Failure   Level  Hunger
 Sandblast                Erth           #.....       50%         1    ##.....
 Passwall                 Tmut/Erth      #.......     65%         2    ###....
 Stone Arrow              Conj/Erth      #.....       86%         3    ####...
 Petrify                  Tmut/Erth      #.......     99%         4    #####..
 Lee's Rapid Deconstruct  Erth           #.........   100%        5    ######.


Dungeon Overview and Level Annotations

Branches:
Dungeon (5/12)             Temple (1/1) D:4

Altars:
Ashenzari
Cheibriados
Dithmenos
Elyvilon
Fedhas
Gozag
Kikubaaqudgha
Lugonu
Nemelex Xobeh
Okawaru
Qazlal
Ru
Sif Muna
Trog
Uskayaw
Vehumet
Wu Jian
Yredelemnul
Zin

Annotations:
D:5 Pikel


Innate Abilities, Weirdness & Mutations

You have razor-sharp toenails.
You are partially covered in molten scales. (AC +2)
You regenerate a little health from kills.
You are partially covered in sharp spines.


Message History

You feel agile all of a sudden.
Pikel hits you with a +2 whip of freezing!
* * * LOW HITPOINT WARNING * * *
Pikel freezes you.
* * * LOW HITPOINT WARNING * * *
The slave hits you.
* * * LOW HITPOINT WARNING * * *
The slave misses you. The slave barely misses you.
Aiming: Upheaval
Press: ? - help, Dir - move target cursor, f - Pikel
Aim: Pikel, wielding a +2 whip of freezing and wearing a +0 robe (moderately wounded, unusually strong) That beam is likely to hit you.
Continue anyway?
Okay, then.
Aiming: Upheaval
Press: ? - help, Dir - move target cursor, p - Pikel A storm cloud blasts the area with cutting wind!
Pikel hits you with a +2 whip of freezing.
* * * LOW HITPOINT WARNING * * *
Pikel freezes you.
You die...

........# #.# #...#
........####.# #)..# ....
..........##.# ##### .....
...)......##)# #....
.............############ .....##
#.........##..#.........#
......###...#...................#
...............☼p.#...#.........)
...............p@p..............#
.............##K###..............
.........##.#.§..#........[......
.................)....)..........
.......###.......................
......###.......................#
.....## #.............>.........#
..#######..#..........##.......##
####.........#.......####........


You could see Pikel and 3 slaves.

Vanquished Creatures
  Grinder (D:3)
  A phantom (D:5)
  A sky beast (D:4)
  3 ogres (D:5)
  2 crimson imps (D:5)
  A centaur zombie (D:5)
  A hound (D:4)
  An orc priest (D:5)
  3 orc wizards
  Crazy Yiuf (D:5)
  An iguana (D:5)
  2 worker ants
  A howler monkey zombie (D:3)
  A worker ant zombie (D:4)
  3 gnolls (D:3)
  5 adders
  2 oozes (D:2)
  3 adder skeletons (D:5)
  3 worms (D:2)
  5 leopard geckos
  14 orcs
  4 bats
  2 giant cockroaches
  5 hobgoblins
  7 jackals
  8 kobolds
  2 quokkas
  6 frilled lizards
  8 goblins
  6 rats
103 creatures vanquished.

Notes
Turn   | Place    | Note
-------+----------+-------------------------------------------
     0 | D:1      | Gremour the Demonspawn Gladiator began the quest for the
                  | Orb.
     0 | D:1      | Reached XP level 1. HP: 16/16 MP: 1/1
   473 | D:1      | Gained mutation: You regenerate a little health from kills.
                  | [demonic ancestry]
   473 | D:1      | Reached XP level 2. HP: 22/22 MP: 2/2
  1110 | D:2      | Found a stormy altar of Qazlal.
  1144 | D:2      | Gained mutation: You are partially covered in sharp spines.
                  | [demonic ancestry]
  1144 | D:2      | Reached XP level 3. HP: 26/28 MP: 3/3
  1171 | D:2      | Became a worshipper of Qazlal Stormbringer
  1275 | D:2      | Found a sparkling altar of Nemelex Xobeh.
  1306 | D:2      | Reached skill level 3 in Fighting
  1329 | D:2      | Reached XP level 4. HP: 13/35 MP: 4/4
  2075 | D:2      | Reached skill level 4 in Fighting
  2116 | D:2      | Reached * piety under Qazlal
  2387 | D:2      | Found a bloodstained altar of Trog.
  2639 | D:3      | Gained mutation: You are partially covered in molten
                  | scales. (AC +2) [demonic ancestry]
  2639 | D:3      | Reached XP level 5. HP: 28/43 MP: 5/5
  2777 | D:3      | Noticed Grinder
  2783 | D:3      | Reached skill level 5 in Fighting
  2791 | D:3      | Paralysed by Grinder for 2 turns
  2814 | D:3      | Paralysed by Grinder for 4 turns
  2829 | D:3      | Killed Grinder
  2829 | D:3      | Reached skill level 6 in Fighting
  2829 | D:3      | Reached skill level 1 in Shields
  2829 | D:3      | Gained mutation: You have sharp toenails. [demonic
                  | ancestry]
  2829 | D:3      | Reached XP level 6. HP: 11/52 MP: 6/6
  3270 | D:3      | Found a shadowy altar of Dithmenos.
  3547 | D:4      | Noticed a sky beast
  3552 | D:4      | Killed a sky beast
  3552 | D:4      | Reached XP level 7. HP: 41/59 MP: 7/7
  3811 | D:4      | Reached skill level 7 in Fighting
  4112 | D:4      | Found a staircase to the Ecumenical Temple.
  4342 | Temple   | Entered the Ecumenical Temple
  4520 | D:5      | Entered Level 5 of the Dungeon
  4548 | D:5      | Found a runed door.
  4552 | D:5      | Noticed Crazy Yiuf
  4556 | D:5      | Killed Crazy Yiuf
  4624 | D:5      | Reached ** piety under Qazlal
  4665 | D:5      | Reached skill level 8 in Fighting
  4751 | D:5      | Gained mutation: You have razor-sharp toenails. [demonic
                  | ancestry]
  4751 | D:5      | Reached XP level 8. HP: 48/69 MP: 8/8
  5121 | D:5      | Noticed Pikel
  5148 | D:5      | HP: 2/70 [slave[Pikel] (3)]
  5149 | D:5      | Slain by Pikel

Skill      XL: |  1  2  3  4  5  6  7 |
---------------+----------------------+-----
Dodging        | 3 4 |  4.5
Fighting       | 3 4 6 8 |  8.8
Shields        | 1 2 |  2.7
Long Blades    | |  2.8
Throwing       | |  1.8

Action                   |  1- 3 |  4- 6 |  7- 9 || total
-------------------------+-------+-------+-------++-------
Melee: Long sword        |   114 |   105 |   108 ||   327
       Kick              |       |     6 |    29 ||    35
Throw: Tomahawk          |     4 |     1 |     7 ||    12
Invok: Upheaval          |       |       |     1 ||     1
  Use: Potion            |     1 |     1 |     1 ||     3
       Scroll            |       |       |     8 ||     8
 Stab: Sleeping          |     2 |       |       ||     2
  Eat: Chunk             |     1 |     4 |     2 ||     7
       Ration            |       |     1 |     1 ||     2
Armor: Leather armour    |    25 |    22 |    21 ||    68
Dodge: Dodged            |    67 |    43 |    46 ||   156
Block: Buckler           |       |    29 |    41 ||    70
